Map: Selva profunda EE

Players

GpTnsOLI - Winner!

  • Race: Zerg Zerg
  • Spawn Location: 7:00

GptnsLucho - Winner!

  • Race: Zerg Zerg
  • Spawn Location: 7:00

manu - Winner!

  • Race: Terran Terran
  • Spawn Location: 7:00

MrFercho

  • Race: Zerg Zerg
  • League: Silver
  • Spawn Location: 3:00

tigro

  • Race: Terran Terran
  • League: Bronze
  • Spawn Location: 1:00

TATORREA

  • Race: Protoss Protoss
  • League: Gold
  • Spawn Location: 1:00

VOD

Have the link to the VOD?

Description

Time

  • Played on: July 6, 2020, 8:58 p.m.
  • Length: 19:50
Show
View Real Time Build Order
Export as new Build Order

GpTnsOLI Zerg - Winner!

Build Orders: Pool First, Brood Lord Corruptor 

Get SALT Encoding   

  12  0:07  Drone  
  12  0:09  Drone  
  14  0:15  Extractor  
  14  0:19  Overlord  
  13  0:24  Drone  
  14  0:39  Drone  
  15  0:43  Drone  
  16  0:51  Spawning Pool  
  15  1:04  Drone x2  
  17  1:17  Drone  
  18  1:24  Drone  
  19  1:35  Drone  
  19  1:37  Extractor  
  19  1:40  Lair  
  19  1:46  Zergling x2  
  20  1:55  Zergling x2  
  21  2:05  Metabolic Boost  
  21  2:08  Overlord  
  21  2:17  Drone  
  22  2:29  Zergling x2  
  23  2:38  Zergling x2  
  24  2:45  Queen  
  26  2:53  Zergling x2  
  27  3:04  Hatchery  
  26  3:07  Drone  
  26  3:12  Spire  
  26  3:15  Drone  
  27  3:24  Drone  
  24  3:50  Zergling x2  
  24  3:51  Zergling x2  
  25  4:07  Zergling x6  
  28  4:33  Drone x2  
  28  4:34  Queen  
  28  4:38  Mutalisk x2  
  32  4:40  Overlord  
  36  4:49  Overlord x2  
  36  5:14  Extractor  
  36  5:15  Drone x3  
  38  5:23  Mutalisk x4  
  38  5:24  Mutalisk  
  48  5:36  Drone  
  49  5:53  Zerg Flyer Weapons Level 1  
  49  5:54  Queen  
  38  8:04  Mutalisk x4  
  38  8:05  Mutalisk x5  
  50  8:11  Drone x2  
  50  8:12  Drone x2  
  60  8:19  Extractor, Drone  
  60  8:23  Overlord  
  60  8:28  Zerg Flyer Weapons Level 2  
  60  9:13  Drone x2  
  60  9:15  Drone x3  
  65  9:23  Evolution Chamber  
  64  9:25  Infestation Pit  
  61  10:05  Overlord x2  
  61  10:06  Overlord x2  
  47  11:05  Drone x2  
  47  11:10  Corruptor  
  47  11:11  Corruptor x6  
  51  11:17  Hive  
  63  11:20  Zerg Melee Weapons Level 1  
  63  11:37  Hatchery  
  62  12:29  Greater Spire  
  62  12:42  Infestor  
  64  12:46  Infestor  
  66  12:54  Extractor  
  66  12:57  Extractor  
  64  13:00  Drone  
  64  13:01  Drone  
  64  13:02  Queen  
  68  13:12  Corruptor x3  
  68  13:13  Corruptor x2  
  68  13:14  Mutalisk x2  
  68  13:15  Mutalisk  
  84  13:25  Drone x2  
  86  13:41  Brood Lord x2  
  86  13:42  Brood Lord x5  
  86  13:47  Zerg Melee Weapons Level 2  
  100  14:27  Zerg Flyer Weapons Level 3  
  100  14:54  Mutalisk x3  
  100  14:57  Overlord x3  
  100  14:58  Overlord x3  
  94  16:22  Brood Lord x3  
  94  16:23  Brood Lord  
  56  17:56  Corruptor  
  56  17:57  Corruptor x8  
  66  18:39  Mutalisk x6  
  74  19:12  Mutalisk x5  
  84  19:35  Extractor  
  84  19:38  Hatchery  
  92  19:39  Extractor  
Show
View Real Time Build Order
Export as new Build Order

GptnsLucho Zerg - Winner!

Build Orders: Pool First 

Get SALT Encoding   

  12  0:06  Drone  
  13  0:09  Drone  
  14  0:23  Overlord  
  14  0:28  Overlord  
  14  0:44  Spawning Pool  
  13  0:50  Extractor  
  13  0:53  Extractor  
  13  0:55  Drone x2  
  13  0:58  Drone  
  14  1:18  Drone x2  
  16  1:31  Drone  
  16  1:32  Queen  
  19  1:41  Metabolic Boost  
  19  1:48  Zergling x2  
  19  1:51  Zergling x2  
  21  1:59  Drone  
  22  2:14  Zergling x2  
  23  2:29  Zergling x2  
  24  2:40  Zergling x2  
  25  2:47  Drone  
  26  2:54  Zergling x2  
  26  2:57  Zergling x6  
  30  3:23  Overlord x2  
  25  4:07  Lair  
  21  5:12  Spire  
  20  5:14  Drone  
  20  5:15  Drone x3  
  20  5:16  Hatchery  
  23  5:34  Queen  
  25  6:24  Mutalisk x4  
  25  6:25  Mutalisk x2  
  35  6:30  Zerg Flyer Weapons Level 1  
  37  6:33  Drone  
  38  6:42  Mutalisk x2  
  38  6:43  Mutalisk  
  44  7:01  Mutalisk  
  44  7:07  Drone x2  
  44  7:08  Drone  
  49  7:11  Mutalisk  
  51  7:37  Extractor  
  51  7:41  Extractor  
  49  8:03  Mutalisk  
  51  8:05  Overlord x2  
  51  8:06  Overlord x3  
  51  8:56  Drone x3  
  51  9:01  Drone  
  51  9:02  Drone x2  
  57  9:20  Mutalisk  
  57  9:23  Mutalisk x2  
  63  9:34  Hatchery  
  62  9:43  Mutalisk x4  
  62  9:44  Mutalisk  
  70  10:05  Hatchery  
  67  10:17  Mutalisk x2  
  71  10:27  Drone x4  
  51  11:00  Mutalisk x2  
  51  11:02  Mutalisk x2  
  59  11:08  Drone  
  59  11:09  Drone x2  
  56  11:22  Extractor  
  55  11:28  Extractor  
  55  11:29  Mutalisk  
  52  11:47  Zerg Flyer Weapons Level 2  
  52  11:50  Mutalisk x3  
  58  11:56  Drone x3  
  61  12:01  Drone x2  
  61  12:02  Drone x4  
  67  12:11  Mutalisk  
  67  12:15  Mutalisk  
  71  12:16  Mutalisk  
  73  12:31  Drone x3  
  76  12:45  Mutalisk  
  76  12:46  Mutalisk x3  
  84  12:53  Mutalisk  
  86  13:20  Mutalisk x2  
  86  13:21  Mutalisk  
  86  13:23  Mutalisk  
  86  13:24  Hatchery, Mutalisk  
  95  13:28  Overlord x3  
  95  13:29  Overlord x2  
  95  13:51  Mutalisk  
  95  13:52  Mutalisk x2  
  101  13:57  Mutalisk x2  
  101  14:01  Mutalisk  
  107  14:07  Mutalisk  
  104  14:49  Drone  
  104  14:51  Drone  
  106  15:04  Mutalisk x3  
  106  15:06  Mutalisk  
  106  15:07  Mutalisk x2  
  112  15:13  Mutalisk x3  
  122  15:16  Mutalisk x2  
  128  15:22  Extractor  
  128  15:25  Extractor  
  128  15:26  Drone x3  
  109  16:02  Mutalisk x2  
  109  16:03  Mutalisk  
  115  16:05  Mutalisk x3  
  121  16:14  Mutalisk x2  
  125  16:22  Drone  
  125  16:23  Drone x2  
  128  16:29  Mutalisk  
  88  17:57  Mutalisk x4  
  88  17:58  Mutalisk x2  
  98  18:01  Mutalisk x3  
  98  18:04  Mutalisk x3  
  112  18:08  Mutalisk x3  
  114  18:47  Mutalisk x4  
  114  18:48  Mutalisk x2  
  126  18:58  Mutalisk x3  
  132  19:10  Mutalisk x2  
  133  19:25  Mutalisk x3  
Show
View Real Time Build Order
Export as new Build Order

manu Terran - Winner!

Build Orders:  

Get SALT Encoding   

  12  0:18  SCV  
  13  0:21  Supply Depot  
  13  0:30  SCV  
  14  0:42  SCV  
  15  0:47  Barracks  
  15  1:00  Refinery  
  15  1:02  SCV  
  16  1:14  SCV  
  17  1:26  SCV  
  18  1:36  Supply Depot  
  18  1:38  SCV  
  19  1:50  SCV  
  20  1:59  Supply Depot  
  20  2:20  SCV  
  21  2:26  Command Center  
  21  2:32  SCV  
  22  2:40  Supply Depot  
  22  2:45  Factory  
  22  2:53  SCV, Refinery  
  23  3:04  Supply Depot  
  23  3:05  SCV  
  23  3:11  Refinery  
  24  3:18  SCV  
  25  3:26  Supply Depot  
  25  3:30  Refinery, SCV  
  25  3:32  Starport  
  26  3:42  SCV x2  
  28  3:49  Supply Depot  
  28  3:54  SCV  
  29  4:03  SCV  
  29  4:06  SCV  
  31  4:11  Supply Depot  
  31  4:15  SCV  
  32  4:18  SCV  
  33  4:27  SCV  
  33  4:29  Starport  
  33  4:30  SCV  
  35  4:39  SCV  
  35  4:42  Engineering Bay, SCV  
  37  4:51  SCV  
  38  4:55  SCV  
  40  5:07  Starport, SCV  
  40  5:11  Fusion Core  
  40  5:12  Starport Tech Lab  
  40  5:13  Starport Tech Lab  
  40  5:19  SCV  
  41  5:26  Supply Depot  
  41  5:38  SCV  
  42  5:50  SCV  
  42  5:52  Starport Tech Lab  
  43  5:57  Starport  
  43  6:01  Command Center, Neosteel Armor  
  43  6:02  SCV  
  44  6:14  SCV  
  44  6:15  Battlecruiser  
  51  6:21  Battlecruiser  
  51  6:24  Armory  
  57  6:26  SCV  
  58  6:36  Refinery  
  58  6:42  Orbital Command  
  58  6:49  Supply Depot  
  58  6:53  Battlecruiser  
  64  7:16  Refinery  
  64  7:22  SCV  
  65  7:27  Terran Ship Weapons Level 1  
  65  7:34  SCV  
  66  7:39  Battlecruiser  
  72  7:46  SCV  
  72  7:47  Starport Tech Lab  
  67  8:25  Battlecruiser  
  73  8:30  SCV  
  74  8:42  SCV  
  63  8:53  Supply Depot  
  63  8:54  SCV  
  63  9:00  SCV  
  64  9:06  SCV  
  65  9:12  SCV  
  66  9:18  SCV  
  67  9:24  SCV  
  67  9:26  Battlecruiser  
  67  9:27  Battlecruiser  
  67  9:30  Battlecruiser  
  86  9:36  SCV  
  87  9:43  Supply Depot  
  87  9:46  Terran Ship Weapons Level 2  
  87  9:48  SCV  
  87  9:50  SCV  
  89  10:02  SCV  
  90  10:14  SCV  
  90  10:16  Weapon Refit  
  90  10:19  Battlecruiser  
  97  10:26  SCV  
  98  10:30  Battlecruiser  
  86  11:51  Battlecruiser x3  
  86  11:52  Battlecruiser  
  110  12:06  Supply Depot  
  110  12:16  SCV  
  111  12:22  Terran Ship Weapons Level 3  
  111  12:28  SCV  
  111  12:29  Supply Depot  
  112  12:40  SCV  
  113  12:51  Command Center  
  113  12:52  SCV  
  113  12:55  Battlecruiser x2  
  113  12:56  Battlecruiser  
  132  13:01  Supply Depot  
  132  13:25  Supply Depot  
  132  13:28  Battlecruiser  
  138  13:47  Supply Depot  
  138  14:04  SCV  
  138  14:05  Refinery  
  139  14:12  SCV  
  139  14:13  Armory  
  139  14:16  SCV  
  147  14:24  Battlecruiser  
  147  14:25  SCV  
  147  14:27  Battlecruiser  
  147  14:28  SCV  
  155  14:32  Battlecruiser  
  155  14:37  SCV  
  162  14:49  SCV  
  163  14:57  Refinery  
  163  15:01  SCV  
  163  15:03  Supply Depot  
  164  15:11  Terran Vehicle And Ship Armor Level 1  
  164  15:13  SCV  
  165  15:24  Battlecruiser  
  165  15:25  Supply Depot, SCV  
  165  15:28  Battlecruiser  
  178  15:31  Battlecruiser  
  184  15:36  Battlecruiser  
  184  15:37  SCV  
  191  16:20  SCV  
  192  16:28  Battlecruiser  
  198  16:32  SCV  
  199  16:45  SCV  
Show
View Real Time Build Order
Export as new Build Order

MrFercho Zerg 

Build Orders: Hatch First 

Get SALT Encoding   

  12  0:01  Drone  
  13  0:13  Overlord  
  13  0:23  Drone  
  14  0:31  Drone x2  
  16  0:40  Drone  
  17  1:00  Drone  
  17  1:01  Drone  
  17  1:02  Hatchery  
  18  1:17  Spawning Pool  
  17  1:23  Extractor  
  16  1:26  Drone x2  
  18  1:41  Drone  
  18  1:42  Drone  
  20  2:05  Extractor  
  20  2:07  Queen  
  21  2:11  Overlord  
  21  2:12  Overlord x2  
  21  2:17  Drone  
  22  2:31  Zergling x4  
  22  2:35  Drone  
  25  2:39  Metabolic Boost  
  25  2:45  Evolution Chamber  
  25  2:47  Queen  
  25  2:50  Drone x3  
  29  3:20  Drone x7  
  36  3:28  Lair  
  36  3:31  Zerg Ground Armor Level 1  
  35  3:38  Zergling x2  
  35  3:39  Zergling x4  
  38  3:50  Zergling x6  
  41  4:38  Drone  
  41  4:39  Drone x7  
  41  4:42  Extractor  
  41  4:44  Extractor  
  47  4:50  Spine Crawler  
  47  4:51  Spine Crawler  
  45  4:55  Spine Crawler  
  45  4:56  Spine Crawler  
  45  4:57  Drone, Spine Crawler  
  45  4:58  Drone  
  44  5:09  Evolution Chamber  
  43  5:14  Hydralisk Den  
  42  5:40  Drone x3  
  45  5:45  Drone  
  45  5:47  Zerg Ground Armor Level 2, Zerg Missile Weapons Level 1  
  46  5:51  Drone x4  
  46  5:52  Drone  
  51  6:09  Overseer  
  51  6:26  Spore Crawler x2  
  51  6:28  Spore Crawler  
  51  6:31  Spore Crawler  
  47  6:34  Muscular Augments, Spore Crawler x2  
  47  6:38  Spore Crawler  
  47  6:39  Spore Crawler  
  43  6:54  Overlord x2  
  43  6:55  Overlord x3  
  43  6:57  Overlord  
  43  7:07  Spore Crawler  
  42  7:12  Spore Crawler  
  40  7:45  Grooved Spines  
  40  7:53  Hydralisk x15  
  66  8:52  Spire  
  62  8:59  Hydralisk  
  62  9:00  Hydralisk x9  
  82  9:16  Zerg Missile Weapons Level 2  
  82  9:19  Drone  
  82  9:20  Drone x2  
  85  10:29  Overlord x2  
  85  10:30  Overlord x2  
  85  10:31  Overlord  
  81  10:46  Corruptor x6  
  47  11:21  Zerg Flyer Weapons Level 1  
  47  11:24  Corruptor x3  
  53  11:33  Drone  
  53  11:34  Drone x5  
  59  11:44  Infestation Pit  
  58  12:12  Corruptor x2  
  58  12:14  Hatchery  
  61  12:16  Corruptor  
  63  12:27  Hive  
  63  12:44  Corruptor x2  
  67  13:02  Zergling x18  
  67  13:03  Zergling x2  
  77  13:48  Corruptor x4  
  77  13:49  Corruptor x3  
  91  14:05  Pneumatized Carapace  
  91  14:12  Burrow  
  91  14:13  Drone  
  91  14:14  Drone x6  
  88  14:52  Zerg Flyer Weapons Level 2  
  88  14:53  Baneling Nest  
  88  14:55  Corruptor x5  
  97  15:20  Drone x13  
  97  15:21  Drone  
  111  15:24  Extractor  
  111  15:26  Extractor  
  67  16:03  Corruptor  
  67  16:04  Corruptor x7  
  73  17:01  Corruptor  
  73  17:02  Corruptor x12  
  83  17:20  Spore Crawler  
  82  17:23  Spore Crawler  
  82  17:28  Spore Crawler  
  80  17:33  Spore Crawler  
  53  18:02  Zergling x34  
  53  18:03  Zergling x2  
  63  18:28  Zergling x10  
  50  18:42  Zergling x10  
Show
View Real Time Build Order
Export as new Build Order

tigro Terran 

Build Orders:  

Get SALT Encoding   

  12  0:03  SCV  
  13  0:15  SCV  
  14  0:27  SCV  
  15  0:31  Supply Depot  
  15  0:35  Refinery  
  15  0:53  SCV  
  16  0:57  Barracks  
  16  1:02  Supply Depot  
  16  1:08  SCV  
  17  1:15  Refinery  
  17  1:20  SCV  
  18  1:32  SCV  
  19  1:44  SCV  
  20  1:47  Marine  
  21  1:56  SCV  
  22  2:05  Marine  
  22  2:06  Barracks  
  23  2:08  SCV  
  24  2:22  Marine  
  25  2:30  SCV  
  26  2:40  Marine, Engineering Bay  
  27  2:47  Orbital Command  
  27  2:56  Barracks Reactor  
  27  2:57  Factory  
  27  2:58  Marine  
  28  3:25  Barracks Tech Lab  
  28  3:45  Marine x3  
  27  4:03  Marine x3  
  27  4:05  Factory Tech Lab  
  29  4:21  Marine x3  
  32  4:27  Siege Tank  
  35  4:38  Marine  
  35  4:39  Marine x2  
  38  4:46  Starport  
  38  4:50  Combat Shield  
  38  4:54  Terran Infantry Weapons Level 1  
  38  4:57  Marine  
  39  5:08  Siege Tank  
  42  5:24  Starport  
  42  5:35  Starport Tech Lab  
  42  6:09  Stimpack  
  42  6:14  Starport Tech Lab  
  42  6:15  Medivac  
  44  6:48  Terran Infantry Armor Level 1  
  41  7:02  Missile Turret  
  41  7:23  Missile Turret  
  28  8:32  Marine  
  28  8:33  Marine x2  
  27  8:42  Hi-Sec Auto Tracking  
  27  8:46  Armory  
  27  8:50  Marine x3  
  30  9:07  Medivac x2  
  30  9:08  Marine x3  
  37  9:11  Siege Tank  
  40  9:20  Command Center  
  40  9:26  Marine x3  
  43  9:35  Fusion Core  
  43  9:39  Neosteel Armor  
  43  9:43  Siege Tank  
  43  9:44  Marine  
  42  10:01  Missile Turret  
  42  10:20  Thor  
  45  10:22  Missile Turret  
  45  10:27  Marine  
  45  10:28  Marine  
  47  10:31  Marine  
  48  10:43  Supply Depot, Missile Turret  
  48  10:45  Marine  
  48  10:46  Marine  
  48  10:49  Marine  
  51  11:03  Marine x2  
  50  11:06  Supply Depot, Missile Turret  
  50  11:07  Marine  
  48  11:21  Marine x2  
  48  11:24  Marine  
  51  11:28  Supply Depot, Missile Turret  
  45  11:42  Marine  
  39  11:49  Missile Turret  
  39  11:54  SCV, Refinery  
  40  12:05  Medivac x2  
  40  12:07  SCV  
  45  12:14  Missile Turret  
  45  12:19  SCV  
  46  12:24  Refinery  
  46  12:31  SCV  
  46  12:35  Battlecruiser  
  53  12:37  Weapon Refit  
  53  12:40  Terran Infantry Weapons Level 2  
  53  12:43  SCV  
  54  12:55  SCV  
  55  13:01  Missile Turret  
  55  13:07  SCV  
  56  13:19  SCV  
  57  13:26  Missile Turret  
  57  13:31  Missile Turret  
  57  13:51  Battlecruiser  
  57  13:53  Missile Turret  
  63  13:59  Thor  
  69  14:06  SCV  
  70  14:17  Missile Turret  
  70  14:18  SCV  
  71  14:30  SCV  
  72  14:34  Battlecruiser  
  78  14:48  Missile Turret  
  78  14:54  Marine x3  
  78  14:56  Terran Infantry Armor Level 2  
  78  14:57  Thor  
  87  15:11  Missile Turret  
  87  15:12  Marine x3  
  90  15:29  Marine  
  90  15:30  Marine x2  
  84  15:45  Missile Turret  
  84  15:47  Marine x3  
  61  16:05  Marine  
  62  16:35  Marine  
  62  16:36  Marine x2  
  41  16:53  Marine  
  41  16:54  Marine x2  
  38  16:58  Missile Turret  
  38  17:03  Battlecruiser x2  
  50  17:11  Marine x3  
  48  17:29  Marine x3  
  34  17:47  Marine x3  
  34  18:04  Marine  
  34  18:05  Marine x2  
  34  18:07  Battlecruiser  
  40  18:22  Marine  
  40  18:23  Marine x2  
  40  18:40  Marine x3  
  43  18:58  Marine x3  
Show
View Real Time Build Order
Export as new Build Order

TATORREA Protoss 

Build Orders:  

Get SALT Encoding   

  12  0:01  Probe  
  13  0:14  Probe  
  14  0:24  Pylon  
  14  0:26  Probe  
  15  0:42  Probe  
  16  0:45  Gateway  
  16  0:54  Gateway, Probe  
  17  1:04  Assimilator  
  17  1:07  Probe  
  18  1:15  Pylon  
  18  1:18  Probe  
  19  1:26  Probe  
  19  1:29  Assimilator  
  20  1:34  Probe  
  20  1:35  Zealot  
  23  1:54  Cybernetics Core  
  23  1:55  Pylon  
  23  2:02  Probe  
  23  2:07  Zealot  
  26  2:14  Probe  
  27  2:27  Probe  
  28  2:32  Warp Gate  
  28  2:33  Stalker x2  
  28  2:39  Shield Battery  
  32  3:06  Nexus  
  32  3:08  Probe  
  33  3:21  Probe  
  34  3:33  Probe  
  35  3:36  Stalker  
  37  3:47  Pylon  
  33  3:51  Stalker, Pylon  
  35  3:56  Probe  
  34  4:08  Stalker  
  34  4:11  Probe  
  35  4:18  Probe  
  35  4:23  Probe  
  36  4:26  Probe  
  36  4:31  Probe  
  38  4:37  Robotics Facility  
  39  4:40  Gateway  
  39  4:42  Gateway  
  39  4:43  Probe  
  39  4:44  Gateway  
  40  4:47  Probe  
  41  5:09  Forge  
  41  5:13  Twilight Council  
  41  5:15  Probe  
  41  5:16  Probe  
  43  5:34  Probe x2  
  45  5:45  Blink, Nexus  
  45  5:46  Immortal, Pylon  
  45  5:48  Protoss Ground Weapons Level 1  
  49  5:50  Probe x2  
  51  6:03  Probe x2  
  53  6:07  Assimilator  
  53  6:09  Assimilator  
  53  6:18  Stalker x3  
  55  6:19  Stalker  
  55  6:25  Observer  
  62  6:29  Stalker  
  64  6:55  Probe  
  64  6:57  Stalker  
  64  6:58  Stalker x3  
  64  6:59  Stalker  
  75  7:04  Pylon  
  69  7:23  Pylon  
  69  7:49  Stalker  
  69  7:50  Stalker x3  
  69  7:51  Stalker  
  74  8:38  Probe x2  
  64  8:50  Probe  
  64  8:55  Probe  
  66  9:02  Probe  
  67  9:07  Probe  
  67  9:08  Photon Cannon  
  67  9:09  Photon Cannon  
  68  9:11  Protoss Ground Weapons Level 2  
  68  9:14  Probe  
  68  9:15  Photon Cannon  
  68  9:16  Photon Cannon  
  69  9:21  Stalker x4  
  69  9:24  Stalker  
  80  9:25  Photon Cannon  
  80  9:26  Photon Cannon  
  80  9:28  Photon Cannon  
  80  9:30  Photon Cannon  
  80  9:33  Photon Cannon  
  70  9:59  Probe x2  
  71  10:45  Forge  
  71  10:47  Forge  
  71  10:50  Templar Archives  
  71  11:11  Pylon  
  71  11:13  Protoss Ground Armor Level 1  
  71  11:14  Protoss Shields Level 1  
  71  11:15  Pylon  
  71  11:18  Pylon  
  71  11:21  Pylon  
  71  11:29  Pylon, Probe x2  
  71  11:32  Pylon  
  73  11:36  Pylon  
  73  11:38  Charge  
  73  11:40  Pylon  
  73  11:42  Probe x2  
  73  11:45  Pylon  
  75  11:50  Pylon  
  75  11:53  Stalker x2, Pylon  
  75  11:54  Probe x2  
  81  11:56  Pylon  
  81  12:06  Probe x2  
  83  12:11  Protoss Ground Weapons Level 3  
  83  12:18  Probe x2  
  85  12:47  High Templar  
  87  12:53  High Templar x2  
  87  12:54  High Templar  
  93  13:01  High Templar  
  93  13:04  Protoss Ground Armor Level 2  
  93  13:05  Protoss Shields Level 2, Archon  
  95  13:06  Archon  
  95  13:20  Probe x2  
  97  13:33  Probe x2  
  99  13:55  Pylon, Nexus  
  99  13:58  Pylon x2  
  99  14:02  Pylon  
  99  14:48  Nexus  
  99  14:50  Pylon x2  
  99  14:54  Pylon  
  99  14:56  High Templar x3  
  99  14:57  High Templar x2  
  109  15:01  Assimilator, Archon x2  
  109  15:02  Archon  
  109  15:05  Assimilator  
  109  15:23  Probe x2  
  109  15:27  Probe  
  112  15:35  Probe x2  
  114  15:39  Probe  
  114  15:40  Stalker x4  
  114  15:41  Stalker  
  125  15:59  Probe x3  
  125  16:00  Probe  
  129  16:06  Stalker  
  129  16:07  Stalker x4  
  139  16:18  Photon Cannon  
  139  16:21  Photon Cannon  
  139  16:24  Photon Cannon  
  139  16:27  Photon Cannon  
  139  16:29  Photon Cannon  
  139  16:30  Shield Battery  
  139  16:34  Shield Battery  
  51  17:09  Stalker x3  
  51  17:10  Stalker  
  51  17:11  Stalker  
  60  17:34  Stalker x2  
  60  17:35  Stalker x2  
  66  17:43  Photon Cannon  
  50  17:44  Photon Cannon  
  50  17:45  Photon Cannon  
  50  17:46  Photon Cannon  
  50  17:47  Photon Cannon x2  
  50  17:49  Photon Cannon  
  50  17:52  Photon Cannon  
  50  17:53  Photon Cannon x2  
  50  17:56  Photon Cannon  
  50  17:58  Photon Cannon  
  50  18:02  Photon Cannon  
  45  18:15  Probe  
  45  18:19  Cybernetics Core  
  46  18:20  Probe  
  46  18:23  Probe  
  47  18:28  Probe  
  47  18:32  Probe  
  49  18:37  Probe  
  51  18:44  Probe  
  52  18:49  Probe  
  53  18:56  Probe  
  53  19:01  Probe  
  55  19:08  Stalker x3  
  53  19:42  Assimilator  
  53  19:49  Assimilator  
Tags
 
Add a new tag
Caveats
  • Supply blocks, unpowered buildings, or Contaminate may cause inaccurate times.
  • Supply counts are checked every 10 seconds.